 Dungeon Crawl Stone Soup version 0.17.0-1-g61d176b (console) character file.

86 gw the Charlatan (level 4, -1/34 HPs)
             Began as a Human Artificer on Nov 7, 2015.
             Was an Initiate of Cheibriados.
             Slain by Natasha (5 damage)
             ... on level 3 of the Dungeon.
             The game lasted 00:02:51 (3381 turns).

gw the Charlatan (Human Artificer)                  Turns: 3381, Time: 00:02:51

Health: -1/34      AC:  5    Str: 13    XL:     4   Next: 77%
Magic:  3/6        EV: 11    Int: 13    God:    Cheibriados [......]
Gold:   71         SH:  0    Dex: 15    Spells: 0 memorised, 3 levels left

rFire  . . .     SeeInvis .     a - +0 short sword
rCold  . . .     Clarity  .     g - +0 ring mail
rNeg   . . .     SustAt   .     (no shield)
rPois  .         Gourm    .     (no helmet)
rElec  .         Spirit   .     (no cloak)
rCorr  .         Warding  .     (no gloves)
rMut   .         Stasis   .     (no boots)
MR     .....                    (no amulet)
Stlth  +.........               (no ring)
                                (no ring)

@: slowed, very slow, not resistant to hostile enchantments, very unstealthy
A: no striking features
a: Bend Time, Renounce Religion


You were on level 3 of the Dungeon.
You worshipped Cheibriados.
Cheibriados was noncommittal.
You were not hungry.

You visited 1 branch of the dungeon, and saw 3 of its levels.

You collected 71 gold pieces.

Inventory:

Hand Weapons
 a - a +0 short sword (weapon)
Missiles
 b - 40 bolts
Armour
 g - a +0 ring mail (worn)
Wands
 c - a wand of flame (15)
 d - a wand of enslavement (15)
 e - a wand of random effects (15) {forbidden}
Comestibles
 f - 3 bread rations


   Skills:
 + Level 2.5 Fighting
 - Level 1.0 Short Blades
 + Level 2.0 Armour
 + Level 2.2 Dodging
 - Level 1.0 Stealth
 + Level 0.4 Invocations
 + Level 3.6 Evocations


You had 3 spell levels left.
You didn't know any spells.

Dungeon Overview and Level Annotations

Branches:
Dungeon (3/15)

Altars:
Cheibriados

Annotations:
D:3 Natasha


Message History

You hit Natasha.
Natasha is almost dead.
The crimson imp blinks!
The crimson imp hits you. Natasha claws you but does no damage.
Unknown command.
Unknown command.
Unknown command.
Unknown command.
MOVING TO (-7,0)
The crimson imp hits you. The crimson imp barely misses you.
Natasha barely misses you.
The crimson imp hits you but does no damage.
Unknown command.
Unknown command.
Unknown command.
MOVING TO (-6,1)
The crimson imp disappears in a puff of smoke!
The crimson imp hits you. Natasha barely misses you.
The crimson imp closely misses you. Natasha claws you.
You die...

... ## .. #. .# #.##
######.
...########..###.#...##.
#.....#..........#......
...#...####.#####....#%
.. ...................#(
#..# ##..###..%.......##.
#...####p.............##)
#.....55h¤###.####...#..
...##....## #..# #####.#
#.##...###.# #.....
...####...#.# #.##.#
#.##$# ##.#.# ##.##.# #
#.# #.#.# #..##.# #..
###.#.###.##..# ##.
#.........##.##


You could see Natasha, a crimson imp and a white imp.

Table legend:
 A = Turns spent in this place as a percentage of turns spent in the entire game.
 B = Non-inter-level travel turns spent in this place as a percentage of non-inter-level travel turns spent in the entire game.
 C = Inter-level travel turns spent in this place as a percentage of turns spent in this place.
 D = Turns resting spent in this place as a percentage of non-inter-level travel turns spent in this place.
 E = Turns spent auto-exploring this place as a percentage of non-inter-level travel turns spent in this place.
 F = Non-inter-level travel turns spent in this place divided by the number of levels of this place that you've seen.
                   A       B       C       D       E      F
               +-------+-------+-------+-------+-------+----------------------
         Total | 100.0 | 100.0 |   0.5 |   1.2 |   2.1 | 1386.0
       Dungeon | 100.0 | 100.0 |   0.5 |   1.2 |   2.1 | 1386.0
               +-------+-------+-------+-------+-------+----------------------

Table legend:
 A = Kills in this place as a percentage of kills in entire the game.
 B = Kills by you in this place as a percentage of kills by you in the entire game.
 C = Kills by friends in this place as a percentage of kills by friends in the entire game.
 D = Other kills in this place as a percentage of other kills in the entire game.
 E = Experience gained in this place as a percentage of experience gained in the entire game.
 F = Experience gained in this place divided by the number of levels of this place that you have seen.
                   A       B       C       D       E      F
               +-------+-------+-------+-------+-------+----------------------
         Total | 100.0 | 100.0 |  -nan |  -nan | 100.0 |  41.0
       Dungeon | 100.0 | 100.0 |  -nan |  -nan | 100.0 |  41.0
               +-------+-------+-------+-------+-------+----------------------

Vanquished Creatures
  4 adders (D:2)
  A worm (D:3)
  A giant gecko (D:1)
  2 bats
  5 giant cockroaches
  4 goblins
  5 hobgoblins
  5 jackals
  A quokka (D:2)
  A giant newt (D:1)
  6 kobolds
  12 rats
47 creatures vanquished.

Vanquished Creatures (others)
  5 toadstools (D:1)
5 creatures vanquished.

Grand Total: 52 creatures vanquished

Notes
Turn   | Place    | Note
--------------------------------------------------------------
     0 | D:1      | gw the Human Artificer began the quest for the Orb.
     0 | D:1      | Reached XP level 1. HP: 15/15 MP: 3/3
   126 | D:1      | Reached XP level 2. HP: 8/21 MP: 4/4
   484 | D:1      | Reached skill level 1 in Armour
   960 | D:1      | Reached XP level 3. HP: 25/27 MP: 5/5
  1574 | D:2      | Reached XP level 4. HP: 23/33 MP: 6/6
  1995 | D:2      | Found a snail-covered altar of Cheibriados.
  2002 | D:2      | Became a worshipper of Cheibriados the Contemplative
  3365 | D:3      | Noticed Natasha
  3381 | D:3      | Slain by Natasha

Action                   |  1- 3 |  4- 6 || total
-------------------------+-------+-------++-------
Melee: Short sword       |   181 |    87 ||   268
Invok: Bend Time         |       |     1 ||     1
  Eat: Chunk             |     3 |     2 ||     5
       Bread ration      |       |     1 ||     1

Vault maps used:
D:1:      ldierk_walled_garden, serial_forest, infiniplex_forest_clump_small,
          infiniplex_forest_lined_1, infiniplex_forest_clump_tiny,
          infiniplex_forest_lined_corner, infiniplex_forest_diagonal
D:2:      cheibriados_altar_1, first_bread, minmay_misc_feat_ornament
D:3:      tgw_xom, uniq_natasha
